AoeStats
← Drovka

Oasis

507858466Analyzed
4v4 RM · 11d ago on Sep 20, 2026· 45m 11s· 8 players
Game mode
Random Map
Map size
Large (8 player)
Population
200
Speed
Normal
Resources
Standard
Victory
Conquest
Starting age
Dark Age
Ending age
Imperial Age
RankedLock teamsTeams togetherTeam positionsShared explorationLock speedFull tech treeHidden civsTurbo modeCheats
Victory
Defeat
🇨🇱 Mongols · Chile
1259
+17
🇦🇺 Magyars · Australia
1251
+17
🇺🇸 Italians · United States
1232
+18
🇺🇸 Hindustanis · United States
1226
+18
🇧🇷 Spanish · Brazil
1303
-18
🇲🇽 Ethiopians · Mexico
1285
-18
🇨🇴 Khitans · Colombia
1267
-17
🇨🇴 Malay · Colombia
1252
-17
The Dingo Warrior
5:08 Loom
9:50 Feudal Age
11:05 Horse Collar
11:12 Double-Bit Axe
15:32 Town Watch
20:17 Castle Age
23:22 Bow Saw
26:59 Bloodlines
26:49 Husbandry
27:05 Scale Barding Armor
30:25 Town Patrol
31:00 Wheelbarrow
33:27 Imperial Age
31:57 Chain Barding Armor
31:47 Forging
33:36 Heavy Camel Rider
34:52 Plate Barding Armor
34:52 Iron Casting
36:23 Iron Casting
37:06 Chemistry
36:03 Imperial Camel Rider
40:09 Blast Furnace
40:53 Light Cavalry
geoff_91
0:31 Loom
9:52 Feudal Age
25:53 Castle Age
23:50 Double-Bit Axe
24:32 Horse Collar
38:50 Bow Saw
40:38 Bloodlines
41:05 Heavy Plow
46:07 Imperial Age
44:15 Scale Barding Armor
44:29 Bloodlines
44:56 Husbandry
45:51 Chain Barding Armor
Acrostock
10:44 Feudal Age
14:21 Castle Age
12:44 Double-Bit Axe
16:25 Scale Barding Armor
19:59 Forging
22:11 Gold Mining
23:54 Bow Saw
24:22 Wheelbarrow
24:13 Loom
26:14 Iron Casting
29:38 Chain Barding Armor
30:57 Fletching
31:32 Horse Collar
35:05 Bloodlines
34:58 Husbandry
37:36 Imperial Age
35:11 Heavy Plow
35:02 Light Cavalry
35:51 Stone Mining
38:44 Conscription
37:54 Hussar
40:36 Blast Furnace
43:13 Elite Mangudai
44:56 Bodkin Arrow
45:02 Padded Archer Armor
Chicken Paprikash
7:23 Loom
10:05 Feudal Age
12:32 Double-Bit Axe
15:54 Castle Age
14:36 Horse Collar
15:39 Fletching
25:17 Wheelbarrow
25:23 Wheelbarrow
25:01 Bow Saw
25:18 Stone Mining
25:33 Town Watch
26:34 Heavy Plow
27:06 Bodkin Arrow
27:26 Gold Mining
31:14 Imperial Age
28:55 Padded Archer Armor
29:53 Thumb Ring
30:46 Stone Shaft Mining
31:00 Ballistics
32:09 Bracer
33:32 Conscription
33:36 Leather Archer Armor
34:32 Chemistry
34:53 Ring Archer Armor
36:08 Hand Cart
36:14 Elite Genoese Crossbowman
41:39 Two-Man Saw
MZTK | GaboxNet .i.
5:00 Loom
9:54 Feudal Age
10:50 Double-Bit Axe
13:32 Fletching
21:26 Castle Age
21:30 Crossbowman
22:33 Bodkin Arrow
23:25 Padded Archer Armor
25:17 Bow Saw
24:58 Horse Collar
32:35 Gold Mining
33:55 Wheelbarrow
37:54 Heavy Plow
39:56 Gold Shaft Mining
41:45 Fortified Wall
41:56 Ballistics
44:42 Imperial Age
43:08 Thumb Ring
43:25 Hand Cart
Drovka
2:07 Loom
11:17 Feudal Age
15:58 Double-Bit Axe
15:53 Horse Collar
19:06 Wheelbarrow
23:02 Castle Age
21:16 Stone Mining
22:06 Gold Mining
23:20 Bow Saw
26:15 Town Watch
29:43 Heavy Plow
33:10 Imperial Age
32:29 Scale Barding Armor
33:04 Conscription
32:12 Elite Skirmisher
33:04 Forging
35:41 Forced Levy
35:58 Man-at-Arms
37:16 Iron Casting
36:31 Long Swordsman
37:46 Hand Cart
37:02 Two-Handed Swordsman
MZTK | John_Wick
8:08 Loom
10:19 Feudal Age
12:09 Town Watch
12:40 Forging
12:36 Scale Barding Armor
19:00 Double-Bit Axe
18:56 Domestication
23:08 Castle Age
24:26 Iron Casting
23:17 Light Cavalry
25:17 Scale Mail Armor
26:02 Chain Barding Armor
30:35 Gambesons
30:50 Squires
30:36 Arson
35:56 Wheelbarrow
35:59 Husbandry
38:27 Hand Cart
41:41 Imperial Age
41:02 Fortified Wall
41:03 Masonry
42:12 Bow Saw
42:14 Elite Fire Lancer
Rōnin
8:17 Loom
10:18 Feudal Age
11:48 Double-Bit Axe
16:52 Scale Barding Armor
18:31 Wheelbarrow
22:10 Castle Age
19:59 Horse Collar
20:12 Gold Mining
21:03 Bloodlines
22:09 Forging
23:32 Bow Saw
23:18 Town Watch
23:36 Heavy Plow
24:33 Chain Barding Armor
24:17 Stone Mining
27:22 Iron Casting
28:33 Fletching
28:58 Husbandry
29:56 Hand Cart
35:03 Imperial Age
33:56 Stone Shaft Mining
34:00 Ballistics
33:45 Padded Archer Armor
35:17 Leather Archer Armor
37:03 Two-Man Saw
36:27 Conscription
36:18 Elite Conquistador
40:00 Ring Archer Armor
42:10 Chemistry
41:22 Masonry
42:48 Bodkin Arrow
Connection lost

Rejoining the realm…

Still unreachable

The connection could not be restored.

Session expired

The server has moved on; the page needs a fresh start.